 Dungeon Crawl Stone Soup version 0.27.1-34-g3ba077fa99 (webtiles) character file.

Game seed: 7639174019437715393

2097 mcbry74 the Grappler (level 9, 0/81 HPs)
             Began as a Troll Berserker on Jan 25, 2022.
             Was a Priest of Trog.
             Slain by a wyvern (6 damage)
             ... on level 7 of the Dungeon.
             The game lasted 00:12:07 (3592 turns).

mcbry74 the Grappler (Troll Berserker)              Turns: 3592, Time: 00:12:07

Health: 0/81       AC:  4    Str: 30    XL:     9   Next: 7%
Magic:  8/8        EV: 10    Int:  3    God:    Trog [***...]
Gold:   292        SH:  0    Dex:  9    Spells: 8/8 levels left

rFire    . . .     SeeInvis +     - Unarmed
rCold    . . .     Faith    .   (no shield)
rNeg     . . .     Spirit   .   a - +0 animal skin
rPois    .         Reflect  .   (helmet restricted)
rElec    .         Harm     .   (no cloak)
rCorr    .         Rampage  .   (gloves unavailable)
Will     ++...                  (boots unavailable)
Stlth    +.........             (no amulet)
HPRegen  2.23/turn              f - ring of see invisible
MPRegen  0.11/turn              (no ring)

@: strong-willed, regenerating
A: large, unfitting armour, claws 3, regeneration 1, shaggy fur 1, tough skin 1
a: Renounce Religion, Berserk, Trog's Hand


You were on level 7 of the Dungeon.
You worshipped Trog.
Trog was most pleased with you.
You visited 1 branch of the dungeon, and saw 8 of its levels.

You collected 292 gold pieces.

Inventory:

Hand Weapons
 v - a +0 giant spiked club
Missiles
 d - 15 sling bullets
 e - 7 javelins (quivered)
 p - 15 boomerangs
Armour
 a - a +0 animal skin (worn)
Jewellery
 f - a ring of see invisible (left claw)
 h - an amulet of regeneration
Wands
 i - a wand of flame (37)
 w - a wand of acid (4)
Scrolls
 j - 2 scrolls of noise {unknown}
 k - a scroll of vulnerability {unknown}
 m - a scroll of immolation {unknown}
 o - 2 scrolls of teleportation {unknown}
 q - 4 scrolls of identify {unknown}
 r - 3 scrolls of fog {unknown}
 t - a scroll of magic mapping {unknown}
 y - a scroll of blinking {unknown}
Potions
 b - 3 potions of heal wounds {unknown}
 c - 2 potions of brilliance {unknown}
 g - 2 potions of curing {unknown}
 l - a potion of might {unknown}
 n - a potion of degeneration {unknown}
 s - 2 potions of attraction {unknown}
 u - 2 potions of haste {unknown}
 x - 2 potions of flight {unknown}


   Skills:
 + Level 3.0 Fighting
 + Level 1.5 Throwing
 + Level 1.3 Armour
 + Level 2.9 Dodging
 + Level 11.2 Unarmed Combat
 + Level 1.2 Evocations


You had 8 spell levels left.
You didn't know any spells.
Your spell library was empty.

Dungeon Overview and Level Annotations

Branches:
Dungeon (8/15)             Temple (0/1) D:6
   Lair: D:8-11

Altars:
Cheibriados
Dithmenos
Kikubaaqudgha
Ru
Sif Muna
Xom
Yredelemnul
The Shining One

Annotations:
D:5 2 transporters, sankara's ghost, amateur MiMo


Innate Abilities, Weirdness & Mutations

You are too large for most types of armour.
You have claws for hands.
Your natural rate of healing is unusually fast.
You are covered in fur. (AC +1)
You have tough skin. (AC +1)


Message History

You start resting.
HP restored.
Things that are here:
a +0 flail; a gnoll corpse
There is a stone staircase leading down here.
You climb downwards.
The gnoll hits you with a +0 club.
The gnoll hits you with a +2 flail of distortion.
You blink.
Found 2 fizzy brown potions and a scroll labelled BEOHYKHENEPP.
The wyvern bites you! The wyvern bites you. The wyvern closely misses you.
The gnoll hits you with a +0 whip! The wyvern bites you!
The gnoll hits you with a +0 whip. The gnoll closely misses you.
The ice beast barely misses you. The wyvern bites you!
* * * LOW HITPOINT WARNING * * *
The ice beast misses you. The gnoll hits you with a +0 club.
* * * LOW HITPOINT WARNING * * *
The gnoll closely misses you.
There is a stone staircase leading up here.
The wyvern misses you. The gnoll hits you with a +0 club.
* * * LOW HITPOINT WARNING * * *
The gnoll hits you with a +2 flail of distortion.
* * * LOW HITPOINT WARNING * * *
The wyvern closely misses you.
You climb upwards.
There is a stone staircase leading down here.
The wyvern bites you but does no damage.
The gnoll hits you but does no damage. The gnoll closely misses you.
The wyvern closely misses you.
Your skin crawls.
You feel strong-willed. The wyvern bites you!
* * * LOW HITPOINT WARNING * * *
The wyvern bites you!
* * * LOW HITPOINT WARNING * * *
The wyvern hisses menacingly.
You barely miss the wyvern. The wyvern barely misses you. The wyvern bites you.
You die...

....# ######.#....[[...<# #.....
....###....#.#.##.)#########.....
......#.#..........[.............
......#.#..#.#.##..#########.....
......#....#.#.....# #.....
###.######.#.#.##.># ######
###.## #.#....g#.#
#....#####.#...#l#.#
#....##......#.#@#.#
#....##........#.#.#
#....##......###.#.#
#.[..............#.#
#....##.....######.#
#....######## #.# #....# #.#
#....# #.# ###### #.#


You could see a wyvern and a gnoll.

Vanquished Creatures
  Prince Ribbit (D:8)
  A water moccasin (D:6)
  An ice beast (D:5)
  A hornet zombie (D:5)
  A black bear (D:6)
  An orc warrior (D:7)
  3 ogres
  A phantom (D:6)
  A centaur (D:7)
  A bullfrog (D:7)
  2 gnoll sergeants
  2 scorpions (D:4)
  A water moccasin zombie (D:5)
  A water moccasin skeleton (D:5)
  2 howler monkeys
  A centaur zombie (D:8)
  2 jellies (D:7)
  4 hounds
  A centaur skeleton (D:5)
  3 iguanas
  2 orc wizards (D:7)
  An adder (D:4)
  14 gnolls
  2 ufetubi
  A worm (D:2)
  A dart slug (D:1)
  4 orcs
  A ball python (D:1)
  7 endoplasms
  4 giant cockroaches
  5 goblins
  2 hobgoblins (D:3)
  4 jackals (D:2)
  6 kobolds
  3 quokkas
  6 bats
  4 frilled lizards
  6 rats
104 creatures vanquished.

Vanquished Creatures (others)
  15 fungi (D:3)
15 creatures vanquished.

Grand Total: 119 creatures vanquished

Notes
Turn   | Place    | Note
-------+----------+-------------------------------------------
     0 | D:1      | mcbry74 the Troll Berserker began the quest for the Orb.
     0 | D:1      | Reached XP level 1. HP: 22/22 MP: 0/0
   173 | D:1      | Reached XP level 2. HP: 26/29 MP: 1/1
   273 | D:1      | Reached skill level 4 in Unarmed Combat
   495 | D:1      | Reached ** piety under Trog
   544 | D:1      | Found a faded altar of an unknown god.
   580 | D:1      | Reached XP level 3. HP: 34/36 MP: 2/2
   779 | D:3      | Found a shimmering blue altar of Sif Muna.
   881 | D:3      | Found an ancient bone altar of Kikubaaqudgha.
   924 | D:3      | Reached skill level 5 in Unarmed Combat
   924 | D:3      | Reached XP level 4. HP: 41/44 MP: 3/3
  1136 | D:4      | Noticed a scorpion
  1152 | D:4      | Killed a scorpion
  1153 | D:4      | Reached XP level 5. HP: 49/50 MP: 4/4
  1215 | D:4      | Reached skill level 6 in Unarmed Combat
  1398 | D:4      | Found a shadowy altar of Dithmenos.
  1410 | D:4      | Found a snail-covered altar of Cheibriados.
  1411 | D:4      | Found a glowing golden altar of the Shining One.
  1412 | D:4      | Found a basalt altar of Yredelemnul.
  1499 | D:4      | Reached XP level 6. HP: 59/59 MP: 5/5
  1546 | D:5      | Entered Level 5 of the Dungeon
  1585 | D:5      | Noticed sankara's ghost (amateur MiMo)
  1586 | D:5      | Identified the +12 great mace of the Butterfly {vorpal, rF-
                  | Will+ Dex+4}
  1591 | D:5      | Found a transporter.
  1598 | D:5      | Found a transporter.
  1608 | D:5      | Reached skill level 7 in Unarmed Combat
  1726 | D:5      | Noticed an ice beast
  1737 | D:5      | Killed an ice beast
  1738 | D:5      | Reached skill level 8 in Unarmed Combat
  1738 | D:5      | Reached XP level 7. HP: 36/66 MP: 6/6
  1785 | D:5      | Reached *** piety under Trog
  1914 | D:5      | Reached skill level 9 in Unarmed Combat
  2352 | D:6      | Reached skill level 10 in Unarmed Combat
  2352 | D:6      | Reached XP level 8. HP: 57/74 MP: 7/7
  2392 | D:6      | Found a staircase to the Ecumenical Temple.
  2600 | D:6      | Found a sacrificial altar of Ru.
  2893 | D:7      | Found a shimmering altar of Xom.
  2928 | D:7      | Reached skill level 11 in Unarmed Combat
  3460 | D:7      | Reached skill level 1 in Throwing
  3529 | D:8      | Noticed Prince Ribbit
  3533 | D:8      | Killed Prince Ribbit
  3534 | D:8      | Reached skill level 1 in Armour
  3534 | D:8      | Reached skill level 1 in Evocations
  3534 | D:8      | Reached XP level 9. HP: 78/80 MP: 8/8
  3590 | D:7      | HP: 2/81 [wyvern (9)]
  3592 | D:7      | Slain by a wyvern

Illustrated notes

Levels and vault maps discovered:
D:1:      dpeg_arrival_lava_temple_mockup, layout_basic, serial_glass,
          glass_columns_a, glass_columns_b, glass_columns_b, glass_columns_a,
          shapermc_ecumenical_altar_mp_urbaneastern
D:2:      layout_rooms
D:3:      layout_loops_cross, nicolae_kikubaaqudgha_miasma_corner,
          mainiacjoe_overflow_cross_hatched, serial_glass, glass_columns_a,
          glass_columns_c, item_on_display_a, due_unseen_surprise,
          item_on_display_a, minmay_strange_pillars, minmay_crystal_room,
          minivault_27, uniq_natasha, uniq_grinder
D:4:      layout_cave_pools, mainiacjoe_overflow_alcove_3
D:5:      minmay_spotlight, layout_basic, gammafunk_ghost_smash
D:6:      layout_cave_pools, mainiacjoe_overflow_brackets,
          minmay_temple_entry_mist
D:7:      layout_basic, dk_xom_monty_hall
D:8:      layout_rooms, uniq_harold, uniq_pikel, uniq_prince_ribbit1

Skill      XL: |  1  2  3  4  5  6  7  8  9 |
---------------+----------------------------+-----
Unarmed Combat | 4 5 6 8 10 11 | 11.2
Throwing       | 1 |  1.5
Armour         | 1 |  1.3
Evocations     | 1 |  1.2
Fighting       | 3 |  3.0
Dodging        | |  2.9

Action                   |  1- 3 |  4- 6 |  7- 9 || total
-------------------------+-------+-------+-------++-------
Melee: Unarmed           |    97 |    59 |   116 ||   272
       Punch             |       |     2 |     8 ||    10
Throw: Javelin           |       |     1 |       ||     1
Invok: Trog's Hand       |       |       |     1 ||     1
Armor: Animal skin       |    33 |    14 |    28 ||    75
Dodge: Dodged            |    55 |    22 |    65 ||   142
